 Dungeon Crawl Stone Soup version 0.23.2 (webtiles) character file.

Game seed: 122281818759638214

595 Fang the Skirmisher (level 7, -6/44 HPs)
             Began as a Gargoyle Berserker on Apr 9, 2019.
             Was a Priest of Trog.
             Mangled by an ogre
             ... wielding a +0 giant club
              (14 damage)
             ... on level 4 of the Dungeon on Apr 10, 2019.
             The game lasted 00:03:56 (1939 turns).

Fang the Skirmisher (Gargoyle Berserker)            Turns: 1939, Time: 00:03:56

Health: -6/44      AC: 16    Str: 23    XL:     7   Next: 40%
Magic:  7/7        EV:  8    Int:  7    God:    Trog [***...]
Gold:   96         SH:  0    Dex:  9    Spells: 6/6 levels left

rFire    . . .     SeeInvis .   a - +0 hand axe
rCold    . . .     Gourm    .   (no shield)
rNeg     + . .     Faith    .   b - +0 plate armour
rPois    ∞         Spirit   .   (no helmet)
rElec    +         Reflect  .   (no cloak)
rCorr    .         Harm     .   (no gloves)
MR       .....                  (no boots)
Stlth    ..........             (no amulet)
HPRegen  0.14/turn              (no ring)
MPRegen  0.10/turn              (no ring)

@: berserk cooldown, slowed, very slow
A: negative energy resistance 1, electricity resistance, unbreathing,
petrification resistance, rot immunity, AC +4
a: Berserk, Trog's Hand, Renounce Religion


You were on level 4 of the Dungeon.
You worshipped Trog.
Trog was most pleased with you.
You were hungry.

You visited 1 branch of the dungeon, and saw 4 of its levels.

You collected 96 gold pieces.

Inventory:

Hand Weapons
 a - a +0 hand axe (weapon)
Armour
 b - a +0 plate armour (worn)
Scrolls
 d - 3 scrolls of identify {unknown}
 e - 2 scrolls of remove curse {unknown}
 g - a scroll of fear {unknown}
 h - 2 scrolls of teleportation {unknown}
 k - a scroll of blinking {unknown}
 o - a scroll of immolation {unknown}
Potions
 i - a potion of might {unknown}
 j - a potion of degeneration {unknown}
 l - a potion of heal wounds {unknown}
 m - 3 potions of curing {unknown}
 n - a potion of mutation {unknown}
 q - a potion of lignification {unknown}
Comestibles
 c - 9 rations
 f - 3 chunks of flesh


   Skills:
 + Level 5.3 Fighting
 + Level 4.4 Axes
 + Level 4.7 Armour
 + Level 3.4 Dodging


You had 6 spell levels left.
You didn't know any spells.
Your spell library was empty.

Dungeon Overview and Level Annotations

Branches:
Dungeon (4/15)
 Temple: D:4-7

Altars:
Gozag
Nemelex Xobeh
Okawaru
Trog


Innate Abilities, Weirdness & Mutations

You are resistant to torment.
Your stone body is resilient. (AC +4)
You are immune to poison.
You resist negative energy. (rN+)
You are resistant to electric shocks. (rElec)
You can survive without breathing.
You are immune to petrification.
You are immune to rotting.


Message History

You feel a strong urge to attack something.
The ogre hits you with a +0 giant club!
You hit the ogre.
The ogre is lightly wounded.
The ogre hits you but does no damage.
You slash the ogre!
The ogre is heavily wounded.
You slash the ogre!
The ogre is almost dead.
The ogre hits you with a +0 giant club!
* * * LOW HITPOINT WARNING * * *
You completely miss the ogre.
The ogre is almost dead.
You are no longer berserk.
You are exhausted.
You feel yourself slow down.
You hit the ogre.
The ogre is almost dead.
The ogre hits you with a +0 giant club!
You die...

##.###.##.
#####.## ##.#.#
#(....# #.#.
#.###.## ##.# #.#
##.###.## #.#
##...## ###.#
##### ######.).#
#......#@#
...♣..†#O........
≈≈≈≈.≈≈♣..#######
≈≈♣≈≈.≈≈P.#
≈≈≈≈≈≈≈≈...
≈≈≈≈≈≈♣≈P...
≈≈.≈.≈≈...?##
≈.≈.≈≈P.....


You could see an ogre.

Vanquished Creatures
  Grinder (D:3)
  Sigmund (D:3)
  An ogre (D:4)
  An iguana (D:4)
  Robin (D:3)
  4 adders
  2 oozes (D:1)
  2 worms (D:2)
  A dart slug (D:2)
  3 orcs
  4 giant cockroaches
  16 goblins
  7 hobgoblins
  7 jackals
  5 kobolds
  A quokka (D:2)
  A bat (D:2)
  4 frilled lizards
  9 rats
71 creatures vanquished.

Notes
Turn   | Place    | Note
-------+----------+-------------------------------------------
     0 | D:1      | Fang the Gargoyle Berserker began the quest for the Orb.
     0 | D:1      | Reached XP level 1. HP: 14/14 MP: 1/1
    64 | D:1      | Reached XP level 2. HP: 17/19 MP: 2/2
   278 | D:1      | Reached XP level 3. HP: 23/24 MP: 3/3
   529 | D:2      | Found a faded altar of an unknown god.
   733 | D:2      | Reached ** piety under Trog
   786 | D:2      | Reached XP level 4. HP: 19/29 MP: 4/4
   839 | D:2      | Found an iron altar of Okawaru.
   886 | D:2      | Found a sparkling altar of Nemelex Xobeh.
   909 | D:2      | Reached skill level 4 in Fighting
  1159 | D:3      | Noticed Robin
  1160 | D:3      | Noticed Grinder
  1193 | D:3      | Killed Robin
  1204 | D:3      | Killed Grinder
  1204 | D:3      | Reached XP level 5. HP: 31/34 MP: 5/5
  1204 | D:3      | Reached XP level 6. HP: 35/39 MP: 6/6
  1484 | D:3      | Found an opulent altar of Gozag.
  1484 | D:3      | Found a bloodstained altar of Trog.
  1622 | D:3      | Noticed Sigmund
  1658 | D:3      | Killed Sigmund
  1658 | D:3      | Reached skill level 5 in Fighting
  1658 | D:3      | Reached XP level 7. HP: 41/44 MP: 7/7
  1926 | D:4      | Reached *** piety under Trog
  1939 | D:4      | Mangled by an ogre

Skill      XL: |  1  2  3  4  5  6 |
---------------+-------------------+-----
Axes           | 3 4 |  4.4
Dodging        | 2 3 |  3.4
Armour         | 3 4 |  4.7
Fighting       | 4 5 |  5.3

Action                   |  1- 3 |  4- 6 |  7- 9 || total
-------------------------+-------+-------+-------++-------
Melee: Hand axe          |   107 |   106 |    39 ||   252
Invok: Berserk           |       |     1 |     1 ||     2
       Trog's Hand       |       |     1 |       ||     1
  Eat: Chunk             |       |     4 |     1 ||     5
Armor: Animal skin       |    25 |       |       ||    25
       Plate armour      |    16 |    73 |    14 ||   103
Dodge: Dodged            |    57 |    44 |    12 ||   113
